AoeStats
← f_buldo

Arena

510628607Analyzed
2v2 RM · 2d ago on Oct 1, 2026· 51m 15s· 4 players
Game mode
Random Map
Map size
Medium (4 player)
Population
200
Speed
Normal
Resources
Standard
Victory
Conquest
Starting age
Dark Age
Ending age
Imperial Age
RankedLock teamsTeams togetherTeam positionsShared explorationLock speedFull tech treeHidden civsTurbo modeCheats
Victory
Defeat
🇪🇸 Malians · Spain
1016
+15
🇨🇴 Magyars · Colombia
1012
+16
🇦🇷 Lithuanians · Argentina
1024
-16
🇨🇱 Chinese · Chile
985
-15
gjdelcam
9:53 Feudal Age
10:24 Double-Bit Axe
17:52 Castle Age
16:09 Arson
16:15 Horse Collar
17:29 Forging
18:36 Squires
19:05 Scale Mail Armor
19:09 Heavy Plow
19:28 Gold Mining
22:54 Bow Saw
28:44 Fletching
30:08 Stone Mining
30:54 Gold Shaft Mining
31:11 Ballistics
31:24 Bodkin Arrow
42:47 Imperial Age
42:18 Padded Archer Armor
44:00 Leather Archer Armor
f_buldo
10:20 Feudal Age
8:36 Loom
15:03 Castle Age
16:53 Horse Collar
16:54 Pikeman
18:11 Double-Bit Axe
25:51 Scale Barding Armor
27:51 Wheelbarrow
27:22 Stone Mining
30:42 Hand Cart
33:02 Imperial Age
30:51 Bloodlines
31:25 Scale Barding Armor
32:40 Chain Barding Armor
33:28 Cavalier
36:03 Paladin
38:04 Plate Barding Armor
37:40 Forging
38:14 Elite Skirmisher
43:45 Iron Casting
45:42 Fletching
48:38 Bodkin Arrow
CarRod2508
3:15 Loom
13:09 Feudal Age
17:13 Castle Age
15:54 Double-Bit Axe
15:52 Horse Collar
19:27 Wheelbarrow
19:31 Corvinian Army
32:15 Imperial Age
32:02 Bow Saw
31:46 Fletching
31:56 Padded Archer Armor
32:02 Scale Barding Armor
31:32 Crossbowman
32:18 Thumb Ring
32:30 Bodkin Arrow
33:05 Ballistics
32:41 Murder Holes
34:28 Conscription
34:05 Arbalester
35:14 Bracer
36:05 Chain Barding Armor
35:56 Gold Mining
35:56 Stone Mining
38:18 Plate Barding Armor
39:19 Chemistry
38:00 Treadmill Crane
40:02 Hand Cart
42:24 Leather Archer Armor
41:34 Elite Magyar Huszar
43:53 Ring Archer Armor
47:49 Pikeman
48:16 Arson
48:33 Scale Mail Armor
48:21 Halberdier
50:12 Chain Mail Armor
EstivenR96
6:51 Loom
11:09 Feudal Age
15:57 Castle Age
14:34 Double-Bit Axe
19:18 Bow Saw
19:53 Forging
28:30 Scale Mail Armor
33:55 Horse Collar
37:26 Wheelbarrow
39:39 Imperial Age
37:08 Gold Mining
38:37 Town Watch
39:41 Scale Barding Armor
40:12 Iron Casting
39:49 Bloodlines
39:40 Husbandry
39:53 Cavalier
42:46 Chain Barding Armor
43:28 Hand Cart
44:24 Plate Barding Armor
44:36 Gold Shaft Mining
44:09 Heavy Plow
44:40 Farimba
48:05 Stone Mining
Connection lost

Rejoining the realm…

Still unreachable

The connection could not be restored.

Session expired

The server has moved on; the page needs a fresh start.